cohdb
Replays
Latest Replays
All Replays
Popular Replays
Top Player Replays
Match Explorer
How It Works
Community
CoH3 Stats
Reddit
Sign in to upload your games and track your stats! →
Sign in with Steam
Match 26601740
Unlisted
Match 26601740
Overview
Messages
Build Orders
End
Construct Barracks
Selects Advanced Infantry Battlegroup
Riflemen Squad
M1 Mortar Team
Riflemen Squad
Infantry Support Center
Selects Convert to Ranger Squad
Convert to Ranger Squad
Construct Weapon Support Center
Selects Frontline Medical Station
Riflemen Squad
Convert to Ranger Squad
Advanced Logistics
Convert to Ranger Squad
Frontline Medical Station
Bazooka Squad
Improved M9 Bazooka Rockets
Selects Ranger Weapon Training
Selects Ammunition Storage
Ranger Squad
Construct Tank Depot
Selects M2A1 105mm Howitzer Emplacement
Selects 155mm Rapid Artillery Barrage
M4A1 Sherman Medium Tank
M1 Mortar Team
Riflemen Squad
Engineer Squad
Frontline Medical Station
neurotypical cattle
微笑的水滴魚
Ba'alzamon
Friendly Mouse(Poxie)
THQ®
pwright93
fhqls12345
redtomato1372
0
0
Comments
sign in to comment!
No comments posted yet!